 Dungeon Crawl Stone Soup version 0.16.0-17-g811c1d7 (webtiles) character file.

104306 timbw the Severer (level 15, -4/141 HPs)
             Began as a Minotaur Fire Elementalist on Mar 21, 2015.
             Was the Champion of Makhleb.
             Slain by an emperor scorpion (11 damage)
             ... on level 5 of the Spider Nest.
             The game lasted 00:53:31 (11155 turns).

timbw the Severer (Minotaur Fire Elementalist)     Turns: 11155, Time: 00:53:31

Health: -4/141     AC: 11    Str: 12      XL:     15   Next: 54%
Magic:  0/21       EV: 24    Int: 10 (12) God:    Makhleb [******]
Gold:   1050       SH:  0    Dex: 17 (18) Spells: 2 memorised, 14 levels left

rFire  . . .     SeeInvis .     I - +3 battleaxe (freeze)
rCold  . . .     Clarity  .     R - +0 swamp dragon armour
rNeg   . . .     SustAb   .     (no shield)
rPois  +         Gourm    .     (helmet unavailable)
rElec  .         Spirit   .     m - +0 cloak
rCorr  .         Warding  .     X - +1 pair of gloves
rMut   .         Stasis   .     (no boots)
MR     +....                    h - amulet of rage
Stlth  ++........               B - ring of stealth
                                l - +4 ring of evasion

@: lethally poisoned (-4 -> -10), somewhat resistant to hostile enchantments,
unstealthy
A: retaliatory headbutt, horns 3, talons 1, blink 1, blurry vision 1, forlorn
a: Blink, Minor Destruction, Lesser Servant of Makhleb, Major Destruction,
Greater Servant of Makhleb, Renounce Religion, Evoke Berserk Rage
}: 1/15 runes: decaying


You were on level 5 of the Spider Nest.
You worshipped Makhleb.
Makhleb was exalted by your worship.
You were not hungry.

You visited 5 branches of the dungeon, and saw 29 of its levels.
You also visited: Volcano.

You collected 1257 gold pieces.
You spent 207 gold pieces at shops.

Inventory:

Hand weapons
 i - a +0 blowgun
 I - a +3 battleaxe of freezing (weapon)
 Q - a +3 battleaxe of flaming
Missiles
 r - 2 throwing nets (quivered)
 C - a curare-tipped needle
Armour
 m - a +0 cloak (worn)
 p - the +1 chain mail of the Rabble {-Cast Int+4 Stlth+}
   (You found it on level 8 of the Lair of Beasts)

   It affects your intelligence (+4).
   It prevents spellcasting.
   It makes you more stealthy.
 s - a fire dragon hide
 H - a +0 troll leather armour
 R - a +0 swamp dragon armour (worn)
 V - the +3 hat of Pondering {ponderous, MR+ MP+10 Int+5}
   (You took it off Gastronok on level 2 of the Lair of Beasts)

   It affects your intelligence (+5).
   It affects your resistance to hostile enchantments.
   It affects your magic capacity (+10).
 X - a +1 pair of gloves (worn)
Jewellery
 a - an uncursed ring of wizardry
 b - an uncursed ring of ice
 h - an amulet of rage (around neck)
 l - a +4 ring of evasion (left hand)
 o - an uncursed ring of positive energy
 q - an uncursed ring of teleport control
 B - a ring of stealth (right hand)
 Z - an uncursed ring of protection from magic
Magical devices
 x - a wand of paralysis (6)
 F - a wand of slowing (11)
 J - a wand of disintegration (11)
 M - a wand of confusion (0)
 N - a wand of digging (7)
 W - a wand of polymorph (11)
Scrolls
 g - 4 scrolls of recharging
 n - a scroll of blinking
 u - 4 scrolls of remove curse
 v - 4 scrolls of identify
 w - a scroll of brand weapon
 K - a scroll of holy word
 P - 6 scrolls of teleportation
 S - 4 scrolls of enchant weapon
 Y - 4 scrolls of enchant armour
Potions
 d - 2 potions of heal wounds
 e - 4 potions of curing
 t - a potion of magic
 y - 2 potions of brilliance
 A - a potion of resistance
 G - 2 potions of restore abilities
 O - 2 potions of invisibility
 T - a potion of berserk rage
 U - 3 potions of agility
Books
 D - an Akashic Record {highlevel}

   This book is beyond your current level of understanding.

   Spells                             Type                      Level
   a - Dispersal                      Translocation                6
   b - Controlled Blink               Translocation                7
   c - Malign Gateway                 Summoning/Translocation      7
   d - Disjunction                    Translocation                8
   e - Singularity                    Translocation                9
Miscellaneous
 f - a fan of gales
Comestibles
 c - 10 bread rations
 j - 2 royal jellies
 z - 6 beef jerkies
 E - 5 meat rations
 L - 3 slices of pizza


   Skills:
 + Level 15.2 Fighting
 - Level 20.3 Axes
 - Level 4.3 Armour
 + Level 14.0 Dodging
 - Level 1.5 Stealth
 - Level 1.3 Spellcasting
 - Level 0.6 Conjurations
 - Level 2.1 Fire Magic
 + Level 7.1 Invocations
 + Level 6.3 Evocations


You had 14 spell levels left.
You knew the following spells:

 Your Spells              Type           Power        Failure   Level  Hunger
a - Flame Tongue          Conj/Fire      #....        43%         1    ##.....
b - Apportation           Tloc           #.........   80%         1    ##.....


Dungeon Overview and Level Annotations

Branches:
Dungeon (10/15)            Temple (1/1) D:4            Lair (8/8) D:10
  Swamp (5/5) Lair:3       Spider (5/5) Lair:6        Slime (0/6) Lair:8
    Orc: D:9-12

Altars:
Ashenzari
Cheibriados
Elyvilon
Fedhas
Makhleb
Nemelex Xobeh
Okawaru
Qazlal
Ru
Vehumet
Xom
Yredelemnul
Zin

Shops:
D:9 [   D:10 (

Annotations:
D:4 Pikel; valak23's ghost, experienced TeCj
Lair:3 Rayvis' ghost, powerful MiFi
Swamp:3 Mara


Innate Abilities, Weirdness & Mutations

You reflexively headbutt those who attack you in melee.
You have a pair of large horns on your head.
You have sharp toenails.
You can translocate small distances at will.
Scrolls take you a little longer to read.
You have difficulty communicating with the divine.


Message History

The emperor scorpion claws you.
* * * LOW HITPOINT WARNING * * *
The hornet completely misses you. You furiously retaliate!
You headbutt the hornet. The emperor scorpion barely misses you.
The emperor scorpion misses you.
The emperor scorpion claws you but does no damage.
You begin reading the scroll.
You continue reading the scroll.
The hornet pulls away from the web.
Something hits you but does no damage. Something hits you but does no damage.
Something stings you.
* * * LOW HITPOINT WARNING * * *
The hornet stings you!
* * * LOW HITPOINT WARNING * * *
You are poisoned.
The emperor scorpion stings you!
* * * LOW HITPOINT WARNING * * *
The emperor scorpion completely misses you.
The emperor scorpion claws you.
* * * LOW HITPOINT WARNING * * *
The emperor scorpion misses you. The emperor scorpion claws you!
You die...

##..≈##....≈##≈†.≈###≈..≈#
#.........≈#..≈### #≈.≈##
##.≈..^≈.......### #...^#
###..≈##^≈≈≈###..##..^(#
############.≈≈≈≈...##
###########.≈≈≈≈.###
+..^y.y..##.^#..^#
#^.yy.ysy#####..^# #s@s#
##..≈## +#^.###..≈##
#####^†..# ##≈.†.#
##^...##.## #*..≈≈≈≈^.#
....^.s..^#≈≈≈...#
≈....#######≈≈### ≈≈.##
###


You could see 3 emperor scorpions, a moth of wrath, 4 hornets and a wasp.

Vanquished Creatures
  Nikola (Swamp:5)
  The ghost of Pereza0 the Unseen, a mighty KoSu of Sif Muna (Swamp:5)
  Wiglaf (Spider:4)
  A ghost moth (Spider:5)
  An emperor scorpion (Spider:5)
  Gastronok (Lair:2)
  The ghost of ventricule the Nimble, a powerful MiFE of Ru (Lair:5)
  3 fire dragons (Swamp:5)
  14 hydras
  Fannar (Lair:4)
  A catoblepas (Lair:5)
  A centaur warrior (Volcano)
  A death yak (Lair:8)
  4 alligators
  A fire crab (Swamp:5)
  Nergalle (Lair:3)
  2 shambling mangroves (Swamp:2)
  3 swamp dragons (Swamp:5)
  2 lindwurms
  A hill giant (D:10)
  17 orb spiders
  10 wolf spiders
  A griffon (Lair:8)
  A hornet (Swamp:5)
  A torpor snail (Spider:5)
  3 elephants (Lair:4)
  2 black mambas
  2 demonic crawlers (Spider:5)
  2 yaktaurs (Volcano)
  10 spiny frogs
  4 komodo dragons
  A spriggan druid (Lair:8)
  4 fire drakes
  9 polar bears (Lair:8)
  16 jumping spiders
  Sonja (Spider:1)
  A troll (D:9)
  2 giant leeches
  15 ravens
  4 bog bodies
  A basilisk (Lair:6)
  3 baby alligators (Swamp:5)
  10 blink frogs
  8 tarantellas
  25 redbacks
  12 spriggans
  6 trapdoor spiders
  18 yaks
  39 wolves
  A shadow (Swamp:5)
  2 mottled dragons (Swamp:5)
  A wyvern (D:8)
  5 hippogriffs
  7 vampire mosquitoes
  A steam dragon (Swamp:5)
  11 swamp worms
  5 insubstantial wisps (Swamp:5)
  8 water moccasins
  7 porcupines
  5 swamp drakes (Swamp:5)
  6 black bears (Lair:8)
  3 orc warriors (D:8)
  3 phantoms
  20 spiders
  4 wasps
  4 ice beasts
  A sky beast (D:10)
  A boring beetle (Lair:6)
  5 ogres
  7 centaurs
  8 crocodiles
  12 giant frogs
  4 scorpions
  An electric eel (Lair:5)
  4 killer bees (D:9)
  10 wights
  3 crimson imps (D:8)
  6 hounds
  A lava snake (Swamp:5)
  2 orc wizards
  A centaur zombie (D:9)
  A gnoll shaman (D:9)
  4 jellies (Lair:8)
  5 worker ants
  A giant frog skeleton (D:8)
  6 iguanas
  An orc priest (D:8)
  A killer bee zombie (D:7)
  11 sheep
  A hound skeleton (D:9)
  6 gnolls
  A shadow imp (D:5)
  9 adders
  27 river rats
  A giant mite (D:5)
  An adder skeleton (D:6)
  A giant gecko (D:2)
  24 orcs
  5 bats
  A bat skeleton (D:4)
  A giant cockroach (D:3)
  8 hobgoblins
  15 jackals
  2 kobolds
  3 oozes (Lair:8)
  A giant cockroach zombie (D:5)
  2 giant gecko skeletons
  A giant newt (D:2)
  2 giant spores (D:10)
  8 goblins
  4 quokkas
  A rat (D:7)
  4 ballistomycetes (D:10)
  A butterfly (Swamp:5)
  3 fungi
  3 plants
595 creatures vanquished.

Vanquished Creatures (collateral kills)
  An alligator (Swamp:2)
  A swamp dragon (Swamp:2)
  A hornet (Swamp:2)
3 creatures vanquished.

Vanquished Creatures (others)
  A hydra (Swamp:5)
  4 swamp dragons (Swamp:5)
  A lindwurm (Swamp:5)
  A smoke demon (Swamp:5)
  A steam dragon (Swamp:5)
  A mottled dragon (Swamp:5)
  2 swamp drakes (Swamp:5)
  An adder (Lair:8)
  A butterfly (Lair:8)
13 creatures vanquished.

Grand Total: 611 creatures vanquished

Notes
Turn   | Place    | Note
--------------------------------------------------------------
     0 | D:1      | timbw, the Minotaur Fire Elementalist, began the quest for the Orb.
     0 | D:1      | Reached XP level 1. HP: 14/14 MP: 2/2
    52 | D:1      | Reached skill level 1 in Fighting
   330 | D:3      | Reached XP level 2. HP: 19/25 MP: 2/2
   481 | D:4      | Noticed valak23's ghost (experienced TeCj)
   509 | D:4      | Found a staircase to the Ecumenical Temple.
   512 | D:4      | Noticed an ogre
   523 | D:4      | Killed an ogre
   523 | D:4      | Reached skill level 4 in Fighting
   523 | D:4      | Reached XP level 3. HP: 30/35 MP: 3/3
   523 | D:4      | Reached XP level 4. HP: 35/41 MP: 4/4
   543 | Temple   | Entered the Ecumenical Temple
   744 | D:4      | Reached skill level 5 in Fighting
   909 | Temple   | Became a worshipper of Makhleb the Destroyer
   968 | D:4      | Reached skill level 1 in Armour
   997 | D:5      | Entered Level 5 of the Dungeon
  1004 | D:5      | Reached XP level 5. HP: 43/48 MP: 4/4
  1008 | D:5      | Noticed a centaur
  1019 | D:5      | Killed a centaur
  1393 | D:5      | Reached XP level 6. HP: 17/57 MP: 5/5
  1633 | D:5      | Found a stormy altar of Qazlal.
  1637 | D:5      | Noticed a fire elemental
  1637 | D:5      | Noticed a water elemental
  1637 | D:5      | Noticed an air elemental
  1704 | D:5      | Acquired Makhleb's first power
  1782 | D:4      | Noticed a slave
  1783 | D:4      | Noticed Pikel
  1783 | D:4      | Noticed a slave
  1784 | D:4      | Noticed a slave
  1821 | D:5      | Noticed a phantom
  2472 | D:7      | Reached skill level 1 in Axes
  2487 | D:7      | Acquired Makhleb's second power
  2623 | D:8      | Reached XP level 7. HP: 59/62 MP: 6/6
  2665 | D:8      | Noticed a hippogriff
  2681 | D:8      | Killed a hippogriff
  2681 | D:8      | Reached skill level 5 in Axes
  2681 | D:8      | Reached skill level 6 in Axes
  2844 | D:8      | Reached skill level 7 in Axes
  2884 | D:8      | Reached XP level 8. HP: 22/70 MP: 6/6
  3013 | D:8      | Reached skill level 8 in Axes
  3075 | D:8      | Noticed a wyvern
  3079 | D:8      | Killed a wyvern
  3079 | D:8      | Reached skill level 9 in Axes
  3139 | D:9      | Reached skill level 10 in Axes
  3141 | D:9      | Acquired Makhleb's third power
  3142 | D:9      | Reached skill level 11 in Axes
  3145 | D:9      | Reached XP level 9. HP: 75/75 MP: 7/7
  3272 | D:9      | Found a staircase to the Lair.
  3289 | D:9      | Noticed a komodo dragon
  3301 | D:9      | Killed a komodo dragon
  3301 | D:9      | Reached skill level 12 in Axes
  3807 | D:9      | Found Saeggar's Armour Shop.
  3810 | D:9      | Bought a +0 pair of gloves for 58 gold pieces
  3810 | D:9      | Bought a +1 pair of gloves for 149 gold pieces
  3857 | D:9      | Noticed a troll
  3864 | D:9      | Killed a troll
  3864 | D:9      | Reached skill level 13 in Axes
  3992 | D:9      | Reached skill level 5 in Dodging
  4057 | D:8      | Acquired Makhleb's fourth power
  4057 | D:8      | Reached XP level 10. HP: 86/86 MP: 7/7
  4245 | D:10     | Entered Level 10 of the Dungeon
  4416 | D:10     | Found Itusick's Weapon Emporium.
  4546 | D:10     | Noticed a hill giant
  4556 | D:10     | Killed a hill giant
  4556 | D:10     | Reached skill level 14 in Axes
  4614 | D:10     | Found a staircase to the Lair.
  4627 | Lair:1   | Entered Level 1 of the Lair of Beasts
  4758 | Lair:2   | Noticed a black mamba
  4770 | Lair:2   | Killed a black mamba
  4773 | Lair:2   | Noticed Gastronok
  4849 | Lair:2   | Found a dark tunnel.
  4855 | Volcano  | Entered a volcano
  4874 | Volcano  | Noticed a centaur warrior
  4878 | Volcano  | Killed a centaur warrior
  4881 | Volcano  | Acquired Makhleb's fifth power
  5105 | Lair:2   | Killed Gastronok
  5105 | Lair:2   | Reached skill level 15 in Axes
  5105 | Lair:2   | Reached XP level 11. HP: 95/97 MP: 8/8
  5244 | Lair:3   | Noticed Nergalle
  5251 | Lair:3   | Killed Nergalle
  5318 | Lair:3   | Noticed an eight-headed hydra
  5326 | Lair:3   | Killed a six-headed hydra
  5337 | Lair:3   | Found a staircase to the Swamp.
  5387 | Lair:3   | Noticed Rayvis' ghost (powerful MiFi)
  5490 | Lair:4   | Noticed Fannar
  5529 | Lair:4   | Reached skill level 16 in Axes
  5566 | Lair:4   | Reached skill level 10 in Fighting
  5747 | Lair:5   | Noticed a catoblepas
  5888 | Lair:5   | Killed a catoblepas
  5901 | Lair:5   | Noticed ventricule's ghost (powerful MiFE)
  5951 | Lair:7   | Noticed a lindwurm
  6081 | Lair:7   | Killed a lindwurm
  6082 | Lair:7   | Reached XP level 12. HP: 108/108 MP: 9/9
  6290 | Lair:7   | Noticed a seven-headed hydra
  6300 | Lair:7   | Killed a five-headed hydra
  6300 | Lair:7   | Reached skill level 17 in Axes
  6336 | Lair:8   | Entered Level 8 of the Lair of Beasts
  6370 | Lair:8   | Found a staircase to the Slime Pits.
  6440 | Lair:7   | Noticed a death yak
  6440 | Lair:7   | Noticed a death yak
  6440 | Lair:7   | Noticed a death yak
  6440 | Lair:7   | Noticed a death yak
  6449 | Lair:8   | Killed a death yak
  6699 | Lair:6   | Gained mutation: You have a pair of large horns on your head. [potion of beneficial mutation]
  6708 | Lair:6   | Found a hole to the Spider Nest.
  6718 | Lair:6   | Reached skill level 10 in Dodging
  6810 | Lair:6   | Noticed a seven-headed hydra
  6881 | Lair:6   | Killed a five-headed hydra
  6910 | Lair:6   | Reached skill level 18 in Axes
  7123 | Lair:8   | Got a brightly glowing chain mail
  7139 | Lair:8   | Identified the +1 chain mail of the Rabble {-Cast Int+4 Stlth+} (You found it on level 8 of the Lair of Beasts)
  7166 | Lair:8   | Reached XP level 13. HP: 118/118 MP: 9/9
  7394 | Lair:8   | Reached skill level 19 in Axes
  7520 | Lair:5   | Killed ventricule's ghost
  7880 | Lair:4   | Killed Fannar
  8010 | Lair:3   | Noticed a four-headed hydra
  8015 | Lair:3   | Killed a two-headed hydra
  8053 | Swamp:1  | Entered Level 1 of the Swamp
  8105 | Swamp:2  | Learned a level 1 spell: Apportation
  8448 | Swamp:5  | Entered Level 5 of the Swamp
  8523 | Swamp:5  | Reached skill level 1 in Invocations
  8523 | Swamp:5  | Reached XP level 14. HP: 121/129 MP: 10/10
  8748 | Swamp:5  | Reached skill level 20 in Axes
  8815 | Swamp:5  | Noticed Nikola
  8824 | Swamp:5  | Noticed Pereza0's ghost (mighty KoSu)
  8831 | Swamp:5  | Killed Nikola
  8846 | Swamp:5  | Noticed a sphinx
  8849 | Swamp:5  | Killed Pereza0's ghost
  9161 | Swamp:5  | Reached skill level 1 in Evocations
  9461 | Swamp:5  | Got a decaying rune of Zot
  9562 | Swamp:5  | Gained mutation: You have difficulty communicating with the divine. [potion of mutation]
  9562 | Swamp:5  | Gained mutation: You have sharp toenails. [potion of mutation]
  9562 | Swamp:5  | Gained mutation: Scrolls take you a little longer to read. [potion of mutation]
  9688 | Swamp:3  | Noticed Mara
  9792 | Swamp:2  | Reached skill level 5 in Invocations
 10002 | Spider:1 | Entered Level 1 of the Spider Nest
 10002 | Spider:1 | Noticed Sonja
 10027 | Spider:1 | Killed Sonja
 10052 | Spider:1 | Gained mutation: You can translocate small distances at will. [potion of mutation]
 10250 | Spider:2 | Reached XP level 15. HP: 114/139 MP: 19/19
 10320 | Spider:4 | Noticed Wiglaf
 10328 | Spider:4 | Killed Wiglaf
 10363 | Spider:5 | Entered Level 5 of the Spider Nest
 10382 | Spider:5 | Reached skill level 5 in Evocations
 10841 | Spider:5 | Reached skill level 15 in Fighting
 11155 | Spider:5 | HP: 7/141 [emperor scorpion (4)]
 11155 | Spider:5 | Slain by an emperor scorpion

Action                   |  1- 3 |  4- 6 |  7- 9 | 10-12 | 13-15 || total
-------------------------+-------+-------+-------+-------+-------++-------
Melee: Unarmed           |    27 |   235 |       |       |       ||   262
       War axe           |       |    51 |       |       |       ||    51
       Broad axe         |       |       |   106 |       |       ||   106
       Battleaxe         |       |       |    36 |   434 |   606 ||  1076
 Fire: Blowgun           |       |       |       |       |    19 ||    19
Throw: Throwing net      |       |       |     2 |     2 |       ||     4
Invok: Lesser Servant of |       |       |       |     3 |     1 ||     4
 Abil: Evoke Berserk Rag |       |       |     8 |     2 |     8 ||    18
Evoke: Wand              |     1 |     2 |     3 |     1 |     9 ||    16
  Use: Potion            |       |     3 |     1 |     2 |     8 ||    14
       Scroll            |       |     8 |     2 |    10 |    17 ||    37
 Stab: Paralysed         |     7 |     7 |     1 |     2 |     6 ||    23
       Sleeping          |       |       |     2 |    14 |     5 ||    21
       Distracted        |       |       |       |       |     1 ||     1
  Eat: Chunk             |       |     6 |     7 |    12 |     5 ||    30
       Bread ration      |       |       |     1 |       |     3 ||     4
       Meat ration       |       |       |       |       |     1 ||     1
